 Dungeon Crawl Stone Soup version 0.25.1-2-g60ff931df9 (webtiles) character file.

Game seed: 7852668499588817786

79155 sking99 the Severer (level 15, 0/139 HPs)
             Began as a Minotaur Berserker on Aug 1, 2020.
             Was a High Priest of Trog.
             Slain by Rupert
             ... wielding a +0 battleaxe of flaming
              (19 damage)
             ... on level 4 of the Lair of Beasts.
             The game lasted 00:50:16 (22049 turns).

sking99 the Severer (Minotaur Berserker)           Turns: 22049, Time: 00:50:16

Health: 0/139      AC: 25    Str: 26    XL:     15   Next: 20%
Magic:  4/4        EV: 14    Int:  4    God:    Trog [*****.]
Gold:   1242       SH:  0    Dex: 12    Spells: 14/14 levels left

rFire    . . .     SeeInvis .   X - +8 battleaxe (antimagic)
rCold    . . .     Gourm    .   (shield currently unavailable)
rNeg     . . .     Faith    .   c - +0 plate armour
rPois    +         Spirit   .   K - +1 hat {MR+}
rElec    .         Reflect  .   (no cloak)
rCorr    .         Harm     .   (no gloves)
MR       ++...                  r - +2 pair of boots
Stlth    ..........             J - amulet of regeneration
HPRegen  0.73/turn              U - ring of poison resistance
MPRegen  0.09/turn              z - +4 ring of protection

@: no status effects
A: retaliatory headbutt, horns 2
a: Berserk, Trog's Hand, Brothers in Arms, Renounce Religion


You were on level 4 of the Lair of Beasts.
You worshipped Trog.
Trog was extremely pleased with you.
You were not hungry.

You visited 3 branches of the dungeon, and saw 22 of its levels.
You also visited: Ossuary.

You collected 1662 gold pieces.
You spent 420 gold pieces at shops.

Inventory:

Hand Weapons
 X - a +8 antimagic battleaxe (weapon)
Armour
 c - a +0 plate armour (worn)
 r - a +2 pair of boots (worn)
 K - a +1 hat of magic resistance (worn)
Jewellery
 z - a +4 ring of protection (right hand)
 J - an amulet of regeneration (around neck)
 U - a ring of poison resistance (left hand)
 V - the ring "Ymmon" {+Inv rC+}
   (You found it on level 5 of the Lair of Beasts)

   [ring of protection from cold]

   It protects you from cold.
   It lets you turn invisible.
 W - a +6 ring of strength
Wands
 y - a wand of random effects (43)
 C - a wand of enslavement (11)
 D - a wand of paralysis (11)
 E - a wand of iceblast (41)
 H - a wand of flame (57)
 L - a wand of disintegration (8)
 T - a wand of acid (8)
Scrolls
 d - 6 scrolls of magic mapping
 e - a scroll of identify
 f - 13 scrolls of teleportation
 g - 16 scrolls of remove curse
 k - 3 scrolls of enchant armour
 q - 4 scrolls of fog
 t - 3 scrolls of enchant weapon
 x - a scroll of holy word {unknown}
 F - 4 scrolls of immolation {unknown}
 G - 2 scrolls of blinking {unknown}
 I - a scroll of fear {unknown}
 N - a scroll of summoning {unknown}
 Q - a scroll of acquirement {unknown}
 Y - a scroll of silence {unknown}
Potions
 a - 18 potions of curing
 h - 6 potions of magic
 i - 4 potions of flight
 l - 8 potions of stabbing
 m - 4 potions of haste
 n - a potion of cancellation
 o - 2 potions of might
 s - 9 potions of heal wounds
 v - 3 potions of brilliance
 A - 3 potions of invisibility
 B - 3 potions of mutation
 O - a potion of ambrosia
 R - a potion of resistance
Miscellaneous
 Z - 2 phantom mirrors
Comestibles
 b - 31 rations


   Skills:
 + Level 14.6 Fighting
 * Level 19.3 Axes
 + Level 14.4 Armour
 + Level 13.4 Dodging


You had 14 spell levels left.
You didn't know any spells.
Your spell library was empty.

Dungeon Overview and Level Annotations

Branches:
Dungeon (15/15)            Temple (0/1) D:5            Lair (6/6) D:8
 Shoals (0/4) Lair:3       Spider (1/4) Lair:4        Slime (0/5) Lair:6
    Orc (0/2) D:9          Vaults (0/5) D:13         Depths (0/5) D:15
Ossuary (visited)

Altars:
Ashenzari
Elyvilon
Fedhas
Gozag
Makhleb
Okawaru
Sif Muna
Uskayaw
Vehumet
Xom
Zin
Beogh
Jiyva

Shops:
D:10 ![=   D:11 *

Annotations:
D:14 1 runed translucent door
Lair:2 2 transporters, Frank's ghost, journeyman DsGl
Lair:4 Rupert
Lair:6 1 runed translucent door


Innate Abilities, Weirdness & Mutations

You reflexively headbutt those who attack you in melee.
You have a pair of horns on your head.


Message History

Rupert is almost dead.
Rupert hits you with a +0 battleaxe of flaming!
Rupert burns you.
You closely miss Rupert. You headbutt Rupert!
Rupert is almost dead.
Rupert hits you with a +0 battleaxe of flaming!
Rupert burns you.
You barely miss Rupert.
Rupert is almost dead.
Rupert hits you but does no damage.
You closely miss Rupert. You headbutt Rupert.
Rupert is almost dead.
Rupert hits you with a +0 battleaxe of flaming!!
* * * LOW HITPOINT WARNING * * *
Rupert burns you!
* * * LOW HITPOINT WARNING * * *
You slash Rupert!
Rupert's magic leaks into the air.
You headbutt Rupert.
Rupert is almost dead.
Rupert hits you with a +0 battleaxe of flaming!!
You die...

####..####P.#..#######
#..#.......#.##.#.#
#..........##..#.##
#.....^...##^#...########
##..^....^.^^##..##..##.##
#...........^^#...........
###...^##...^^#..##.#.....
#..^##^^^.....#####.#..#
##.###^^@^#.....# #.#####
##.###^^@^^^#...## ###
#.#.###^..^^##...#
##.........^##...#
##.^........#...#
#......^.......##
##..............#
#....#.#.#.#...##
###.#########..#


You could see Rupert (berserk).

Vanquished Creatures
  Gastronok (D:9)
  A dire elephant (Lair:6)
  A yaktaur captain (D:15)
  2 hydras
  Harold (D:8)
  2 fire dragons
  Josephine (Lair:5)
  A rakshasa (D:14)
  10 two-headed ogres
  A catoblepas (Lair:6)
  A death knight (D:14)
  7 centaur warriors
  A deep troll shaman (Lair:6)
  An ogre mage (D:15)
  A queen ant (Lair:3)
  6 death yaks
  A tengu warrior (D:15)
  Urug (Lair:2)
  2 orc knights
  5 cyclopes
  A wolf spider (Spider:1)
  7 ugly things
  4 manticores
  3 elephants (Lair:6)
  A merfolk siren (Lair:3)
  3 black mambas
  A gargoyle (D:13)
  7 spiny frogs
  3 kobold demonologists
  A yaktaur (D:15)
  An efreet (D:14)
  5 komodo dragons
  A demonic crawler (Spider:1)
  A freezing wraith (D:15)
  3 jumping spiders
  A tengu conjurer (D:15)
  6 trolls
  2 polar bears
  14 hippogriffs
  A hornet (D:12)
  12 blink frogs (Lair:6)
  4 slime creatures (D:14)
  A meliai zombie (D:14)
  2 redbacks (Spider:1)
  A spriggan (D:7)
  A shadow (D:15)
  A centaur simulacrum (D:15)
  A vampire (D:13)
  3 tarantellas (Spider:1)
  6 wraiths
  6 yaks
  2 basilisks
  Grum (D:11)
  2 wyverns
  16 humans (D:13)
  2 hungry ghosts
  2 vampire mosquitoes (D:13)
  An acid dragon (D:14)
  8 soldier ants
  8 water moccasins
  2 porcupines
  5 black bears
  2 sky beasts
  A meliai simulacrum (D:14)
  12 orc warriors
  4 ice beasts
  9 ogres
  14 centaurs
  5 boggarts (D:15)
  5 phantoms
  14 wolves
  10 crocodiles
  3 big kobolds
  Blork the orc (D:6)
  An elf zombie (Ossuary)
  18 bullfrogs
  3 wyvern zombies
  2 scorpions
  15 killer bees
  9 wights
  3 howler monkeys
  3 electric eels
  2 bullfrog zombies (D:12)
  7 crimson imps
  3 centaur zombies
  2 quasits
  A human zombie (Ossuary)
  3 jellies
  7 centaur skeletons
  19 orc wizards
  4 bullfrog skeletons
  A gnoll shaman (D:4)
  14 orc priests
  4 hounds
  Terence (D:2)
  4 iguanas
  Natasha (D:2)
  20 worker ants
  2 big kobold zombies (Ossuary)
  A hound skeleton (D:5)
  2 mummies (Ossuary)
  A worker ant zombie (D:5)
  Robin (D:3)
  8 gnolls
  16 adders
  2 howler monkey skeletons
  3 shadow imps
  An adder skeleton (D:6)
  2 adder zombies (Ossuary)
  5 worms
  2 dart slugs (D:1)
  65 orcs
  6 bats
  6 giant cockroaches
  18 goblins
  7 hobgoblins
  14 jackals
  13 kobolds
  A quokka (D:3)
  2 ball pythons
  3 frilled lizards
  A goblin zombie (Ossuary)
  11 hobgoblin zombies (Ossuary)
  A jackal skeleton (D:2)
  A jackal zombie (Ossuary)
  9 kobold zombies (Ossuary)
  7 orc zombies (Ossuary)
  A quokka zombie (D:6)
  10 rats
  A rat zombie (Ossuary)
  2 fungi (Lair:5)
  6 plants
658 creatures vanquished.

Vanquished Creatures (collateral kills)
  Agnes (D:14)
  9 hydras
  A two-headed ogre (D:10)
  A porcupine (Lair:3)
  An orc warrior (D:10)
  An eye of draining (shapeshifter) (D:15)
  A crocodile (Lair:2)
  A jelly (D:10)
  2 orc wizards (D:10)
  An iguana (D:10)
  2 orcs
21 creatures vanquished.

Vanquished Creatures (others)
  2 fungi (Lair:4)
2 creatures vanquished.

Grand Total: 681 creatures vanquished

Notes
Turn   | Place    | Note
-------+----------+-------------------------------------------
     0 | D:1      | sking99 the Minotaur Berserker began the quest for the Orb.
     0 | D:1      | Reached XP level 1. HP: 19/19 MP: 0/0
   176 | D:1      | Reached XP level 2. HP: 26/27 MP: 1/1
   231 | D:1      | Reached skill level 4 in Axes
   822 | D:1      | Reached XP level 3. HP: 25/33 MP: 2/2
  1155 | D:2      | Found a radiant altar of Vehumet.
  1368 | D:2      | Noticed Terence
  1374 | D:2      | Reached ** piety under Trog
  1380 | D:2      | Killed Terence
  1380 | D:2      | Reached XP level 4. HP: 40/40 MP: 3/3
  1467 | D:2      | Noticed Natasha
  1473 | D:2      | Killed Natasha
  1873 | D:2      | Reached skill level 5 in Axes
  1955 | D:3      | Noticed Robin
  1967 | D:3      | Killed Robin
  1967 | D:3      | Reached XP level 5. HP: 47/47 MP: 4/4
  2512 | D:3      | Found a blossoming altar of Fedhas.
  2595 | D:3      | Found an opulent altar of Gozag.
  3390 | D:4      | Reached XP level 6. HP: 54/55 MP: 5/5
  3457 | D:4      | Reached skill level 6 in Axes
  3461 | D:4      | Reached skill level 5 in Fighting
  3717 | D:4      | Reached XP level 7. HP: 61/61 MP: 6/6
  3992 | D:4      | Reached *** piety under Trog
  4238 | D:4      | Found a shimmering altar of Xom.
  4335 | D:5      | Entered Level 5 of the Dungeon
  4514 | D:5      | Found a sand-covered staircase.
  4538 | Ossuary  | Entered an ossuary
  4641 | Ossuary  | Reached skill level 7 in Axes
  4646 | Ossuary  | Reached **** piety under Trog
  4711 | Ossuary  | Reached skill level 5 in Armour
  5020 | D:5      | Reached XP level 8. HP: 54/70 MP: 7/7
  5131 | D:5      | Found a staircase to the Ecumenical Temple.
  5210 | D:5      | Found a burning altar of Makhleb.
  5211 | D:5      | Found a white marble altar of Elyvilon.
  5260 | D:5      | Found a shattered altar of Ashenzari.
  5667 | D:6      | Reached skill level 8 in Axes
  5667 | D:6      | Reached skill level 5 in Dodging
  6193 | D:6      | Reached skill level 9 in Axes
  6373 | D:6      | Noticed Blork the orc
  6378 | D:6      | Killed Blork the orc
  6388 | D:6      | Noticed a hippogriff
  6405 | D:6      | Killed a hippogriff
  6405 | D:6      | Reached XP level 9. HP: 55/79 MP: 8/8
  6635 | D:7      | Reached ***** piety under Trog
  6661 | D:7      | Reached skill level 10 in Axes
  6989 | D:7      | Noticed a two-headed ogre
  6997 | D:7      | Killed a two-headed ogre
  6997 | D:7      | Reached skill level 11 in Axes
  7227 | D:7      | Found a glowing silver altar of Zin.
  7538 | D:7      | Received a gift from Trog
  7757 | D:8      | Reached XP level 10. HP: 83/90 MP: 9/9
  7838 | D:8      | Found a hide-covered altar of Uskayaw.
  7933 | D:8      | Found a staircase to the Lair.
  7982 | D:8      | Found a roughly hewn altar of Beogh.
  8050 | D:8      | Found an iron altar of Okawaru.
  8217 | D:9      | Found a shimmering blue altar of Sif Muna.
  8326 | D:9      | Noticed Harold
  8617 | D:8      | Killed Harold
  8617 | D:8      | Reached skill level 12 in Axes
  9101 | D:9      | Noticed Gastronok
  9129 | D:9      | Killed Gastronok
  9129 | D:9      | Reached XP level 11. HP: 73/99 MP: 10/10
  9259 | D:9      | Reached skill level 13 in Axes
  9404 | D:9      | Reached skill level 10 in Fighting
 10029 | D:9      | Found a staircase to the Orcish Mines.
 10078 | D:10     | Entered Level 10 of the Dungeon
 10190 | D:10     | Found Anlodat's Distillery.
 10292 | D:10     | Noticed a two-headed ogre
 10298 | D:10     | Killed a two-headed ogre
 10298 | D:10     | Reached skill level 10 in Armour
 10463 | D:10     | Found Deurgh's Jewellery Shop.
 10477 | D:10     | Bought the ring of the Sturgeon {+Fly rPois Str+6 Int-5
                  | SInv} for 420 gold pieces
 10747 | D:10     | Found Epyujyul's Armour Shop.
 10859 | D:11     | Reached skill level 14 in Axes
 10888 | D:11     | Noticed a two-headed ogre
 10897 | D:11     | Killed a two-headed ogre
 11030 | Lair:1   | Entered Level 1 of the Lair of Beasts
 11655 | Lair:2   | Noticed Frank's ghost (journeyman DsGl)
 11662 | Lair:2   | Found a transporter.
 11720 | Lair:2   | Reached XP level 12. HP: 101/110 MP: 11/11
 11754 | Lair:2   | Noticed Urug
 11761 | Lair:2   | Killed Urug
 11761 | Lair:2   | Reached skill level 10 in Dodging
 11844 | Lair:2   | Found a transporter.
 11994 | Lair:2   | Noticed a seven-headed hydra
 11999 | Lair:2   | Killed a seven-headed hydra
 12574 | Lair:3   | Noticed a queen ant
 12583 | Lair:3   | Killed a queen ant
 12583 | Lair:3   | Reached skill level 15 in Axes
 12801 | Lair:3   | Noticed a seven-headed hydra
 12808 | Lair:3   | Killed a nine-headed hydra
 12877 | Lair:3   | Found a staircase to the Shoals.
 13499 | Lair:4   | Noticed a seven-headed hydra
 13505 | Lair:4   | Killed a seven-headed hydra
 13577 | Lair:4   | Noticed a death yak
 13577 | Lair:4   | Noticed a death yak
 13578 | Lair:4   | Noticed a death yak
 13591 | Lair:4   | Killed a death yak
 13593 | Lair:4   | Killed a death yak
 13602 | Lair:4   | Killed a death yak
 13740 | Lair:4   | Found a hole to the Spider Nest.
 13853 | Lair:4   | Noticed an eight-headed hydra
 13861 | Lair:4   | Killed a nine-headed hydra
 14208 | Lair:5   | Noticed Josephine
 14211 | Lair:5   | Reached skill level 16 in Axes
 14218 | Lair:5   | Killed Josephine
 14520 | Lair:5   | Reached XP level 13. HP: 103/118 MP: 12/12
 14679 | Lair:5   | Got a scintillating turquoise ring
 14861 | Lair:6   | Entered Level 6 of the Lair of Beasts
 15515 | Lair:6   | Found a viscous altar of Jiyva.
 15516 | Lair:6   | Found a runed translucent door.
 15526 | Lair:6   | Found a staircase to the Slime Pits.
 15898 | Lair:6   | Reached skill level 17 in Axes
 16138 | Lair:6   | Noticed a dire elephant
 16165 | Lair:6   | Killed a dire elephant
 16979 | D:11     | Noticed Grum
 16992 | D:11     | Killed Grum
 17094 | D:11     | Identified the ring "Ymmon" {+Inv rC+} (You found it on
                  | level 5 of the Lair of Beasts)
 17229 | D:11     | Found Umaj's Assorted Antiques.
 18231 | D:13     | Reached XP level 14. HP: 101/129 MP: 13/13
 18354 | D:13     | Found a gate to the Vaults.
 18659 | D:13     | Found a hide-covered altar of Uskayaw.
 18885 | D:13     | Reached skill level 18 in Axes
 19294 | D:14     | Found a runed translucent door.
 19813 | D:14     | Noticed Agnes
 19823 | D:14     | Killed Agnes
 20141 | D:15     | Entered Level 15 of the Dungeon
 20277 | D:15     | Found a staircase to the Depths.
 20286 | D:15     | Received a gift from Trog
 20478 | D:15     | Reached skill level 19 in Axes
 20724 | D:15     | Reached XP level 15. HP: 124/139 MP: 4/14
 21867 | Spider:1 | Entered Level 1 of the Spider Nest
 21891 | Spider:1 | Noticed Rupert
 22049 | Lair:4   | Slain by Rupert

Illustrated notes

Levels and vault maps discovered:
D:1:      saegor_arrival_under_anarchy, layout_basic
D:2:      layout_basic, lemuel_round_altar, uniq_terence, uniq_natasha
D:3:      layout_basic, lemuel_round_altar, lemuel_coloured_pillars_altar,
          first_ration, chequers_serial_rivers_micro_a, uniq_robin
D:4:      layout_gridville, lemuel_doored_altar, minmay_misc_feat_nine_boxes
D:5:      layout_basic, overflow_temple_1_default, lemuel_round_altar,
          minmay_temple_entry_antechambers, basic_altar,
          nicolae_ossuary_entry_false_entrances
D:6:      layout_basic, uniq_blork_the_orc
D:7:      layout_loops_ring, zin_academy, the_bakery
D:8:      layout_rooms, eat_drink_and_be_merry_uskayaw, okawaru_gym_becter,
          lair_entry_dummy, wad_floor_pattern_2, david_defended_altar_orc
D:9:      minmay_the_grid_square_5x5_3x3 [minmay_the_grid_square_5x5_six,
          minmay_the_grid_square_5x5_spiral_small,
          minmay_the_grid_square_5x5_two_small, minmay_the_grid_square_5x5_meh,
          minmay_the_grid_square_5x5_megaprize_hollow,
          minmay_the_grid_square_5x5_seven, minmay_the_grid_square_5x5_mess,
          minmay_the_grid_square_5x5_one_wall,
          minmay_the_grid_square_5x5_moneybag], layout_irregular_city,
          david_orc_4, basic_altar, uniq_harold, uniq_gastronok
D:10:     layout_long_grid, serial_shops, shop, shop_fountains, shop
D:11:     layout_irregular_city, serial_shops, nicolae_shop_overgrown_old_shop,
          hangedman_decor_opposing, serial_bayou_lagoon_a, uniq_grum
D:12:     layout_irregular_city
D:13:     layout_loops_corners, david_vaults_3, basic_altar
D:14:     cheibrodos_shockbox, layout_rooms, kennysheep_cross_landing,
          uniq_agnes
D:15:     grunt_enter_depths_snipers, layout_stronghold, serial_bayou_pond_a
Lair:1:   layout_misc_corridors, grunt_megastairs_2
Lair:2:   layout_cave_pods, gammafunk_ghost_arena, uniq_urug
Lair:3:   layout_regular_city, elwin_shoals_entry_rooms, minmay_another_anthill,
          serial_bayou_shore_b, infiniplex_staircase_pool_2
Lair:4:   layout_roguey, spider_nest_entry_webs
Lair:5:   layout_roguey, eino_small_chamber_without_monster, uniq_josephine
Lair:6:   grunt_lair_end_beastmaster, layout_layer_cave, slime_altar_2
Spider:1: layout_spider_delve, ebering_ghost_inner_flame, uniq_nikola,
          uniq_rupert

Skill      XL: |  1  2  3  4  5  6  7  8  9 10 11 12 13 14 |
---------------+-------------------------------------------+-----
Axes           | 4 5 6 7 9 11 12 14 16 17 19 | 19.3
Fighting       | 4 5 6 7 8 9 11 12 13 14 | 14.6
Armour         | 3 4 5 6 8 9 10 11 13 14 | 14.4
Dodging        | 3 4 6 7 8 9 11 12 13 | 13.4

Action                   |  1- 3 |  4- 6 |  7- 9 | 10-12 | 13-15 || total
-------------------------+-------+-------+-------+-------+-------++-------
Melee: Hand axe          |    90 |    44 |       |       |       ||   134
       Headbutt          |    13 |    25 |    73 |   115 |   173 ||   399
       War axe           |       |   102 |   315 |       |       ||   417
       Battleaxe         |       |       |    48 |   386 |   130 ||   564
       Broad axe         |       |       |       |    84 |   554 ||   638
Invok: Berserk           |     1 |     3 |     2 |     3 |     4 ||    13
       Trog's Hand       |       |     2 |     1 |     5 |     4 ||    12
       Brothers in Arms  |       |       |       |     8 |     6 ||    14
  Use: Scroll            |       |       |    17 |     1 |    10 ||    28
       Potion            |       |       |       |       |     2 ||     2
  Eat: Ration            |     1 |     1 |     3 |       |       ||     5
       Chunk             |       |     7 |    10 |    30 |    33 ||    80
Armor: Animal skin       |    11 |       |       |       |       ||    11
       Plate armour      |    25 |    97 |   199 |   291 |   397 ||  1009
Dodge: Dodged            |    46 |    85 |   131 |   263 |   479 ||  1004
Block: Other             |       |       |    40 |    78 |       ||   118
       Reflection        |       |       |     3 |     6 |       ||     9
